AoeStats
← Kulikulkins4203

Oasis

509493986Analyzed
2v2 RM · 5d ago on Sep 27, 2026· 34m 57s· 4 players
Game mode
Random Map
Map size
Medium (4 player)
Population
200
Speed
Normal
Resources
Standard
Victory
Conquest
Starting age
Dark Age
Ending age
Imperial Age
RankedLock teamsTeams togetherTeam positionsShared explorationLock speedFull tech treeHidden civsTurbo modeCheats
Victory
Defeat
🇺🇸 Berbers · United States
499
+12
🇺🇸 Magyars · United States
491
+13
🇬🇧 Burmese · United Kingdom
435
-13
🇺🇸 Khmer · United States
402
-12
Kulikulkins4203
1:33 Loom
12:24 Feudal Age
15:20 Town Watch
15:58 Gold Mining
24:05 Castle Age
22:02 Man-at-Arms
23:30 Forging
25:02 Long Swordsman
27:14 Arson
28:08 Iron Casting
27:34 Scale Mail Armor
28:19 Pikeman
30:18 Fletching
32:00 Chain Mail Armor
ndyer98
4Horsemen69
0:56 Loom
14:44 Feudal Age
15:36 Horse Collar
15:44 Double-Bit Axe
16:42 Town Watch
19:36 Gold Mining
20:42 Wheelbarrow
22:41 Arson
22:17 Man-at-Arms
23:35 Stone Mining
27:29 Castle Age
29:45 Heavy Plow
29:59 Bow Saw
30:28 Gold Shaft Mining
30:28 Stone Shaft Mining
30:36 Hand Cart
32:02 Murder Holes
31:49 Treadmill Crane
32:31 Ballistics
32:02 Guard Tower
33:13 Town Patrol
33:25 Crossbowman
33:26 Elite Skirmisher
WookieWarrior
8:42 Loom
13:17 Feudal Age
19:23 Wheelbarrow
19:28 Double-Bit Axe
22:15 Castle Age
24:30 Bow Saw
24:04 Horse Collar
26:02 Scale Barding Armor
26:08 Heavy Plow
26:19 Husbandry
30:16 Chain Barding Armor
33:31 Town Watch
34:02 Hand Cart
Connection lost

Rejoining the realm…

Still unreachable

The connection could not be restored.

Session expired

The server has moved on; the page needs a fresh start.